 Dungeon Crawl Stone Soup version 0.20.0-4-g10b340a (webtiles) character file.

532 hittemv20vhard the Cleaver (level 7, 0/45 HPs)
             Began as a Halfling Chaos Knight on May 27, 2017.
             Killed by divine providence
             ... invoked by an orc priest
              (16 damage)
             ... on level 3 of the Dungeon.
             The game lasted 00:12:00 (4199 turns).

hittemv20vhard the Cleaver (Halfling Chaos Knight)  Turns: 4199, Time: 00:12:01

Health: 0/45       AC:  8    Str: 15    XL:     7   Next: 49%
Magic:  7/7        EV: 13    Int: 10    God:    Xom [..*...]
Gold:   155        SH:  0    Dex: 14    Spells: 6/6 levels left

rFire    . . .     SeeInvis .   a - +0 hand axe (chaos)
rCold    + . .     Gourm    .   (shield restricted)
rNeg     . . .     Faith    .   b - +2 leather armour
rPois    .         Spirit   .   (no helmet)
rElec    .         Reflect  .   (no cloak)
rCorr    .         Harm     .   (no gloves)
MR       .....                  m - +2 pair of boots
Stlth    +.........             (no amulet)
Regen    0.2/turn               I - ring of protection from cold
MPRegen  0.1/turn               (no ring)

@: no status effects
A: mutation resistance 1
a: Renounce Religion


You were on level 3 of the Dungeon.
You worshipped Xom.
You were a toy of Xom.
You were hungry.

You visited 1 branch of the dungeon, and saw 4 of its levels.

You collected 155 gold pieces.

Inventory:

Hand Weapons
 a - a +0 hand axe of chaos (weapon)
Missiles
 q - 11 poisoned needles
 Q - 105 stones (quivered)
Armour
 b - a +2 leather armour (worn)
 m - a +2 pair of boots (worn)
Jewellery
 I - a ring of protection from cold (left hand)
Wands
 o - a wand of flame (23/48)
 s - a wand of polymorph (8/24)
Scrolls
 f - 2 scrolls of magic mapping {unknown}
 h - 3 scrolls of remove curse
 j - 2 scrolls of teleportation {unknown}
 l - a scroll of recharging {unknown}
 n - a scroll of enchant weapon {unknown}
 p - 2 scrolls of immolation {!r}
 w - a scroll of blinking {unknown}
Potions
 d - a potion of heal wounds {unknown}
 e - 2 potions of flight
 g - 2 potions of curing
 i - a potion of brilliance {unknown}
 k - a potion of ambrosia {unknown}
 t - a potion of haste {unknown}
 u - a potion of might
 v - a potion of degeneration {unknown}
Comestibles
 c - 4 bread rations
 r - a meat ration


   Skills:
 + Level 2.9 Fighting
 * Level 8.0 Axes
 - Level 2.1 Armour
 - Level 1.1 Dodging


You had 6 spell levels left.
You didn't know any spells.

Dungeon Overview and Level Annotations

Branches:
Dungeon (4/15)
 Temple: D:4-7

Altars:
Makhleb

Annotations:
D:3 exclusion: 2 downstairs


Innate Abilities, Weirdness & Mutations

You are small and have problems with some larger weapons.
You are somewhat resistant to further mutation.


Message History

Something hits you.
* * * LOW HITPOINT WARNING * * *
You take 1 damage, and have 22/45 hp.
There is a stone staircase leading up here.
Something hits you.
* * * LOW HITPOINT WARNING * * *
You climb upwards.
Level annotation: exclusion: 2 downstairs
There is a stone staircase leading down here.
You take 4 damage, and have 18/45 hp.
You hit something but do no damage. Something hits you.
* * * LOW HITPOINT WARNING * * *
You take 2 damage, and have 16/45 hp.
You closely miss something. Something hits you but does no damage.
The puff of flame hits something.
Evoking this partially-identified wand wasted a few charges.
You hear something invoke the aid of Beogh against you.
Beogh smites you!
You die... "What!?
That's it?"

#...........# #.#########.# #..#
#.# #..# #.# ### #..## #.#
####### ..# #...# #.# #...... ..#
#.#.## #.# #.#####
..#######.#..######.# #.#
..'.)..........)@##.#### #.#
..#######.##...#{##....# #.#
...##.....###..#.##....# #.#
...##.#######..#.##....####.#####
............[.....<..............
...##.#######..#...).......#.###.
...'..#######..#...........#.# #.
...#...........#...........#.# #.
...#.............##........#.# #.


There were no monsters in sight!

Vault maps used:
D:1:      minmay_arrival_radiant_lines
D:3:      grunt_ministairs_5, makhleb_heckhound_becter, uniq_jessica,
          uniq_sigmund, uniq_ijyb
D:4:      first_bread, lemuel_old_faithful

Notes
Turn   | Place    | Note
-------+----------+-------------------------------------------
     0 | D:1      | hittemv20vhard the Halfling Chaos Knight began the quest for the Orb.
     0 | D:1      | Reached XP level 1. HP: 15/15 MP: 1/1
    21 | D:1      | Identified a +0 hand axe of chaos
    87 | D:1      | Reached XP level 2. HP: 20/20 MP: 2/2
   617 | D:1      | Reached skill level 4 in Axes
   617 | D:1      | Reached XP level 3. HP: 20/25 MP: 3/3
   714 | D:1      | XOM: silly message
  1189 | D:2      | XOM: silly message
  1342 | D:1      | Identified a ring of protection from cold (You found it on level 2 of the Dungeon)
  1343 | D:1      | Identified 4 scrolls of identify
  1343 | D:1      | Identified 3 scrolls of remove curse
  1344 | D:1      | Identified 2 potions of flight
  1345 | D:1      | Identified 2 potions of might
  1346 | D:1      | Identified a potion of curing
  1419 | D:1      | XOM: divination: detect creatures
  1660 | D:2      | Identified a +2 pair of boots (You found it on level 2 of the Dungeon)
  1669 | D:3      | Reached XP level 4. HP: 30/30 MP: 4/4
  1790 | D:3      | Reached skill level 5 in Axes
  1824 | D:3      | XOM: mild Fire miscast
  1939 | D:3      | XOM: harmless Summ miscast
  2032 | D:3      | XOM: harmless Necr miscast
  2083 | D:3      | Noticed Ijyb
  2083 | D:3      | XOM: mild Erth miscast
  2086 | D:3      | Identified 2 scrolls of immolation
  2090 | D:3      | Killed Ijyb
  2090 | D:3      | Reached XP level 5. HP: 34/35 MP: 5/5
  2261 | D:3      | Noticed Sigmund
  2262 | D:3      | Noticed Sigmund
  2262 | D:3      | Sigmund changed into Sigmund the ooze
  2265 | D:3      | XOM: divination: detect items
  2266 | D:3      | Noticed Jessica
  2275 | D:3      | XOM: cast spell 'Summon Butterflies'
  2279 | D:3      | Killed Jessica
  2279 | D:3      | Killed Sigmund the ooze
  2805 | D:3      | XOM: cloud trail
  2831 | D:3      | Noticed an ogre
  2854 | D:3      | Killed an ogre
  2854 | D:3      | Reached skill level 6 in Axes
  2854 | D:3      | Reached XP level 6. HP: 11/41 MP: 6/6
  3069 | D:3      | XOM: divination: magic mapping
  3132 | D:3      | Found a burning altar of Makhleb.
  3258 | D:4      | Noticed Sarzael's ghost (amateur DrTm)
  3271 | D:4      | XOM: cast spell 'Summon Ice Beast'
  3273 | D:4      | XOM: confuse monster(s)
  3283 | D:4      | XOM: enchant monster (good)
  3291 | D:4      | Killed Sarzael's ghost
  3291 | D:4      | Reached skill level 7 in Axes
  3291 | D:4      | Reached XP level 7. HP: 41/45 MP: 7/7
  3740 | D:3      | Reached skill level 8 in Axes
  3848 | D:3      | HP: 11/45 [poisoned by an orc]
  3856 | D:3      | HP: 11/45 [poisoned by an orc]
  3870 | D:3      | XOM: divination: magic mapping
  3908 | D:3      | XOM: silly message
  4199 | D:3      | Killed from afar by an orc priest

Table legend:
 A = Turns spent in this place as a percentage of turns spent in the entire game.
 B = Non-inter-level travel turns spent in this place as a percentage of non-inter-level travel turns spent in the entire game.
 C = Inter-level travel turns spent in this place as a percentage of turns spent in this place.
 D = Turns resting spent in this place as a percentage of non-inter-level travel turns spent in this place.
 E = Turns spent auto-exploring this place as a percentage of non-inter-level travel turns spent in this place.
 F = Non-inter-level travel turns spent in this place divided by the number of levels of this place that you've seen.
                   A       B       C       D       E      F
               +-------+-------+-------+-------+-------+----------------------
         Total | 100.0 | 100.0 |   1.4 |   1.7 |  11.8 | 241.0
       Dungeon | 100.0 | 100.0 |   1.4 |   1.7 |  11.8 | 241.0
               +-------+-------+-------+-------+-------+----------------------

Table legend:
 A = Kills in this place as a percentage of kills in entire the game.
 B = Kills by you in this place as a percentage of kills by you in the entire game.
 C = Kills by friends in this place as a percentage of kills by friends in the entire game.
 D = Other kills in this place as a percentage of other kills in the entire game.
 E = Experience gained in this place as a percentage of experience gained in the entire game.
 F = Experience gained in this place divided by the number of levels of this place that you have seen.
                   A       B       C       D       E      F
               +-------+-------+-------+-------+-------+----------------------
         Total | 100.0 | 100.0 |  -nan |  -nan | 100.0 | 190.2
       Dungeon | 100.0 | 100.0 |  -nan |  -nan | 100.0 | 190.2
               +-------+-------+-------+-------+-------+----------------------

Skill      XL: |  1  2  3  4  5  6  7 |
---------------+----------------------+-----
Axes           | 4 5 6 7 8 |  8.0
Fighting       | |  2.9
Armour         | |  2.1
Dodging        | |  1.1

Action                   |  1- 3 |  4- 6 |  7- 9 || total
-------------------------+-------+-------+-------++-------
Melee: Hand axe          |    65 |   127 |    73 ||   265
Throw: Stone             |    22 |    41 |     8 ||    71
Evoke: Wand              |       |     1 |     1 ||     2
  Use: Scroll            |     4 |     1 |       ||     5
       Potion            |       |     2 |       ||     2
 Stab: Paralysed         |     1 |     5 |       ||     6
       Confused          |     1 |     2 |     1 ||     4
       Sleeping          |     1 |       |       ||     1
       Petrifying        |       |     1 |       ||     1
  Eat: Chunk             |     1 |     6 |     3 ||    10
Armor: Leather armour    |    16 |    45 |    20 ||    81
Dodge: Dodged            |    34 |    80 |    35 ||   149

Vanquished Creatures
  The ghost of Sarzael the Changer, an amateur DrTm (D:4)
  An ogre (D:3)
  A hound (D:3)
  Jessica (D:3)
  Ijyb (D:3)
  A worker ant (D:4)
  5 gnolls
  4 adders
  4 oozes
  4 worms
  A dart slug (D:1)
  3 leopard geckos
  8 orcs
  9 bats
  2 giant cockroaches
  7 goblins
  2 hobgoblins
  2 ball pythons (D:3)
  4 frilled lizards
  6 kobolds
  A rat (shapeshifter) (D:2)
  10 rats
78 creatures vanquished.

Vanquished Creatures (others)
  A fire vortex (D:3)
1 creature vanquished.

Grand Total: 79 creatures vanquished
